TOP OF THE 1ST |
Seattle Rainiers batting - Pitching for Jasper Cougars : RHP Bret Hendricks
|
Pitching: RHP Bret Hendricks
|
|
Batting: LHB Alarico Sloet tot Everlo
|
0-0: Swinging Strike 0-1: Ball 1-1: Foul Ball, location: 2F 1-2: Ball 2-2: Strikes out looking
|
Batting: RHB Chad Battle
|
0-0: Fly out, F9 (Flyball, 9S)
|
Batting: LHB Cisco Villanueva
|
0-0: Ball 1-0: Foul Ball, location: 2F 1-1: Foul Ball, location: 2F 1-2: Strikes out swinging
|
Top of the 1st over - 0 runs, 0 hits, 0 errors, 0 left on base; Seattle 0 - Jasper 0 |
BOTTOM OF THE 1ST |
Jasper Cougars batting - Pitching for Seattle Rainiers : LHP Nick Thornton
|
Pitching: LHP Nick Thornton
|
|
Batting: RHB Ben Wilson
|
0-0: Swinging Strike 0-1: Ball 1-1: Called Strike 1-2: Strikes out looking
|
Batting: RHB Manny López
|
0-0: Ball 1-0: SINGLE (Line Drive, 4MD)
|
Batting: LHB Iván Soriano
|
0-0: Fly out, F9 (Flyball, 9S)
|
Batting: RHB Andrés Pérez
|
0-0: Hit by Pitch Manny López to second
|
Batting: RHB Júlio González
|
0-0: Called Strike 0-1: Ball 1-1: Foul Ball, location: 2F 1-2: Ball 2-2: Ball 3-2: Base on Balls Manny López to third Andrés Pérez to second
|
Batting: RHB Terry Griffin
|
0-0: Foul Ball, location: 2F 0-1: Ball 1-1: Fly out, F8 (Flyball, 8RS)
|
Bottom of the 1st over - 0 runs, 1 hit, 0 errors, 3 left on base; Seattle 0 - Jasper 0 |
TOP OF THE 2ND |
Seattle Rainiers batting - Pitching for Jasper Cougars : RHP Bret Hendricks
|
Batting: RHB Jesús Ortíz
|
0-0: Reached on error, E3 (Groundball, 34)
|
Batting: RHB Rodrigo García
|
0-0: Called Strike 0-1: SINGLE (Groundball, 4MS) (infield hit) Jesús Ortíz to second
|
Batting: RHB Jim Love
|
0-0: Fly out, F8 (Flyball, 8RM)
|
Batting: RHB Fred McPhun
|
0-0: Called Strike 0-1: Called Strike Jesús Ortíz steals 3rd base 0-2: SINGLE (Flyball, 9LS) Jesús Ortíz scores Rodrigo García to second
|
Batting: LHB Ramón Ramírez
|
0-0: Ball 1-0: Ball 2-0: Swinging Strike 2-1: Swinging Strike 2-2: Strikes out swinging
|
Batting: SHB Javier Contreras
|
0-0: Called Strike 0-1: Ball 1-1: Ball 2-1: Foul Ball, location: 2F 2-2: Strikes out swinging
|
Top of the 2nd over - 1 run, 2 hits, 1 error, 2 left on base; Seattle 1 - Jasper 0 |
BOTTOM OF THE 2ND |
Jasper Cougars batting - Pitching for Seattle Rainiers : LHP Nick Thornton
|
Batting: LHB Luis García
|
0-0: Called Strike 0-1: Foul Ball, location: 2F 0-2: Strikes out swinging
|
Batting: RHB Bob Vaughn
|
0-0: Ball 1-0: Ball 2-0: Fly out, F9 (Flyball, 89M)
|
Batting: RHB Ollie Johnson
|
0-0: Swinging Strike 0-1: Foul Ball, location: 2F 0-2: Ball 1-2: Ball 2-2: Ground out 4-3 (Groundball, 4)
|
Bottom of the 2nd over - 0 runs, 0 hits, 0 errors, 0 left on base; Seattle 1 - Jasper 0 |
TOP OF THE 3RD |
Seattle Rainiers batting - Pitching for Jasper Cougars : RHP Bret Hendricks
|
Batting: LHB Alarico Sloet tot Everlo
|
0-0: Ball 1-0: Ball 2-0: Called Strike 2-1: Called Strike 2-2: Strikes out swinging
|
Batting: RHB Chad Battle
|
0-0: Called Strike 0-1: Ball 1-1: Called Strike 1-2: Foul Ball, location: 2F 1-2: Foul Ball, location: 2F 1-2: Ball 2-2: Foul Ball, location: 2F 2-2: Strikes out looking
|
Batting: LHB Cisco Villanueva
|
0-0: Ball 1-0: Foul Ball, location: 2F 1-1: Ball 2-1: SINGLE (Line Drive, 56)
|
Batting: RHB Jesús Ortíz
|
0-0: Ball 1-0: DOUBLE (Flyball, 89XD) Cisco Villanueva to third Runner from 3rd tries for Home, SAFE, no throw
|
Batting: RHB Rodrigo García
|
0-0: Called Strike 0-1: Ball 1-1: SINGLE (Groundball, 56D) Jesús Ortíz to third Runner from 3rd tries for Home, SAFE, no throw
|
Batting: RHB Jim Love
|
0-0: Called Strike 0-1: Swinging Strike 0-2: Ball 1-2: Ball 2-2: Foul Ball, location: 2F 2-2: Foul Ball, location: 2F 2-2: Strikes out swinging
|
Top of the 3rd over - 2 runs, 3 hits, 0 errors, 1 left on base; Seattle 3 - Jasper 0 |
BOTTOM OF THE 3RD |
Jasper Cougars batting - Pitching for Seattle Rainiers : LHP Nick Thornton
|
Batting: RHB Ben Wilson
|
0-0: Called Strike 0-1: Ball 1-1: Ball 2-1: Called Strike 2-2: Strikes out swinging
|
Batting: RHB Manny López
|
0-0: Called Strike 0-1: Swinging Strike 0-2: Strikes out swinging
|
Batting: LHB Iván Soriano
|
0-0: Ball 1-0: Called Strike 1-1: Ball 2-1: Ball 3-1: Foul Ball, location: 2F 3-2: Base on Balls
|
Batting: RHB Andrés Pérez
|
0-0: Ball 1-0: Called Strike 1-1: Ball 2-1: DOUBLE (Line Drive, 89D) Iván Soriano to third Runner from 3rd tries for Home, SAFE, no throw
|
Batting: RHB Júlio González
|
0-0: Ball 1-0: Called Strike 1-1: Ball 2-1: Called Strike 2-2: Ball 3-2: Foul Ball, location: 2F 3-2: Base on Balls
|
Batting: RHB Terry Griffin
|
0-0: Ground out 5-3 (Groundball, 56S)
|
Bottom of the 3rd over - 1 run, 1 hit, 0 errors, 2 left on base; Seattle 3 - Jasper 1 |
TOP OF THE 4TH |
Seattle Rainiers batting - Pitching for Jasper Cougars : RHP Bret Hendricks
|
Batting: RHB Fred McPhun
|
0-0: Called Strike 0-1: Ground out 1-3 (Groundball, 13S)
|
Batting: LHB Ramón Ramírez
|
0-0: Called Strike 0-1: Foul Ball, location: 2F 0-2: Ball 1-2: Strikes out swinging
|
Batting: SHB Javier Contreras
|
0-0: Called Strike 0-1: Ground out U3 (Groundball, 3S)
|
Top of the 4th over - 0 runs, 0 hits, 0 errors, 0 left on base; Seattle 3 - Jasper 1 |
BOTTOM OF THE 4TH |
Jasper Cougars batting - Pitching for Seattle Rainiers : LHP Nick Thornton
|
Batting: LHB Luis García
|
0-0: Ball 1-0: Swinging Strike 1-1: Ball 2-1: Foul Ball, location: 2F 2-2: Foul Ball, location: 2F 2-2: Foul Ball, location: 2F 2-2: Ground out 4-3 (Groundball, 34)
|
Batting: RHB Bob Vaughn
|
0-0: Called Strike 0-1: Fly out, F7 (Flyball, 78M)
|
Batting: RHB Ollie Johnson
|
0-0: Ball 1-0: Ball 2-0: Called Strike 2-1: Called Strike 2-2: Ground out 6-3 (Groundball, 6)
|
Bottom of the 4th over - 0 runs, 0 hits, 0 errors, 0 left on base; Seattle 3 - Jasper 1 |
TOP OF THE 5TH |
Seattle Rainiers batting - Pitching for Jasper Cougars : RHP Bret Hendricks
|
Batting: LHB Alarico Sloet tot Everlo
|
0-0: Called Strike 0-1: Called Strike 0-2: Ball 1-2: Foul Ball, location: 2F 1-2: Strikes out swinging
|
Batting: RHB Chad Battle
|
0-0: Called Strike 0-1: Ball 1-1: Swinging Strike 1-2: Foul Ball, location: 2F 1-2: Strikes out swinging
|
Batting: LHB Cisco Villanueva
|
0-0: Ground out 5-3 (Groundball, 5)
|
Top of the 5th over - 0 runs, 0 hits, 0 errors, 0 left on base; Seattle 3 - Jasper 1 |
BOTTOM OF THE 5TH |
Jasper Cougars batting - Pitching for Seattle Rainiers : LHP Nick Thornton
|
Batting: RHB Ben Wilson
|
0-0: Foul Ball, location: 2F 0-1: Ball 1-1: Foul Ball, location: 2F 1-2: Ball 2-2: Ball 3-2: Foul Ball, location: 2F 3-2: Foul Ball, location: 2F 3-2: Base on Balls
|
Batting: RHB Manny López
|
0-0: Ball 1-0: Called Strike 1-1: Called Strike 1-2: Ball 2-2: Ball 3-2: Strikes out swinging
|
Batting: LHB Iván Soriano
|
0-0: Ball 1-0: Grounds into double play, 5-4-3 (Groundball, 5L)
|
Bottom of the 5th over - 0 runs, 0 hits, 0 errors, 0 left on base; Seattle 3 - Jasper 1 |
TOP OF THE 6TH |
Seattle Rainiers batting - Pitching for Jasper Cougars : RHP Bret Hendricks
|
Batting: RHB Jesús Ortíz
|
0-0: Called Strike 0-1: Fly out, F5 (Line Drive, 5L)
|
Batting: RHB Rodrigo García
|
0-0: Ball 1-0: Ball 2-0: Ball 3-0: Called Strike 3-1: Base on Balls
|
Batting: RHB Jim Love
|
0-0: Foul Ball, location: 2F 0-1: Ball 1-1: Fly out, F7 (Flyball, 78S)
|
Batting: RHB Fred McPhun
|
0-0: Fly out, F4 (Popup, 4)
|
Top of the 6th over - 0 runs, 0 hits, 0 errors, 1 left on base; Seattle 3 - Jasper 1 |
BOTTOM OF THE 6TH |
Jasper Cougars batting - Pitching for Seattle Rainiers : LHP Nick Thornton
|
Batting: RHB Andrés Pérez
|
0-0: Ground out 6-3 (Groundball, 56)
|
Batting: RHB Júlio González
|
0-0: Ball 1-0: Ball 2-0: Ball 3-0: Base on Balls
|
Batting: RHB Terry Griffin
|
0-0: Ball 1-0: Fielders Choice at 2nd, 4-6 (Groundball, 4M)
|
Batting: LHB Luis García
|
0-0: Ball 1-0: Called Strike Terry Griffin steals 2nd base 1-1: Fly out, F9 (Flyball, 89S)
|
Bottom of the 6th over - 0 runs, 0 hits, 0 errors, 1 left on base; Seattle 3 - Jasper 1 |
TOP OF THE 7TH |
Seattle Rainiers batting - Pitching for Jasper Cougars : RHP Bret Hendricks
|
Batting: LHB Ramón Ramírez
|
0-0: Called Strike 0-1: Ball 1-1: Swinging Strike 1-2: Ball 2-2: Strikes out looking
|
Batting: SHB Javier Contreras
|
0-0: Ball 1-0: Foul Ball, location: 2F 1-1: Foul Ball, location: 2F 1-2: Strikes out looking
|
Batting: LHB Alarico Sloet tot Everlo
|
0-0: Foul Ball, location: 2F 0-1: Ball 1-1: Called Strike 1-2: Ball 2-2: Ball 3-2: Strikes out swinging
|
Top of the 7th over - 0 runs, 0 hits, 0 errors, 0 left on base; Seattle 3 - Jasper 1 |
BOTTOM OF THE 7TH |
Jasper Cougars batting - Pitching for Seattle Rainiers : LHP Nick Thornton
|
Pitching: RHP Jesús Marino
|
|
Batting: RHB Bob Vaughn
|
0-0: Ball 1-0: Ball 2-0: Called Strike 2-1: DOUBLE (Flyball, 78D)
|
Batting: RHB Ollie Johnson
|
0-0: Swinging Strike 0-1: Foul Ball, location: 2F 0-2: Foul Ball, location: 2F 0-2: Ball 1-2: Foul Ball, location: 2F 1-2: Strikes out looking
|
Batting: RHB Ben Wilson
|
0-0: Ball 1-0: Called Strike 1-1: Fly out, F8 (Flyball, 78XD) Runner from 2nd tags up, SAFE at 3rd, no throw
|
Batting: RHB Manny López
|
0-0: Called Strike 0-1: Called Strike 0-2: Ball 1-2: Ball 2-2: Strikes out swinging
|
Bottom of the 7th over - 0 runs, 1 hit, 0 errors, 1 left on base; Seattle 3 - Jasper 1 |
TOP OF THE 8TH |
Seattle Rainiers batting - Pitching for Jasper Cougars : RHP Bret Hendricks
|
Pitching: RHP Cipriano Román
|
|
Batting: RHB Chad Battle
|
0-0: Ball 1-0: Ball 2-0: Ball 3-0: Called Strike 3-1: Foul Ball, location: 2F 3-2: Strikes out swinging
|
Batting: LHB Cisco Villanueva
|
0-0: Ball 1-0: Called Strike 1-1: Foul Ball, location: 2F 1-2: Strikes out swinging
|
Batting: RHB Jesús Ortíz
|
0-0: Called Strike 0-1: Swinging Strike 0-2: Strikes out swinging
|
Top of the 8th over - 0 runs, 0 hits, 0 errors, 0 left on base; Seattle 3 - Jasper 1 |
BOTTOM OF THE 8TH |
Jasper Cougars batting - Pitching for Seattle Rainiers : RHP Jesús Marino
|
Batting: LHB Iván Soriano
|
0-0: Ball 1-0: Ball 2-0: Foul Ball, location: 2F 2-1: Ball 3-1: Base on Balls
|
Pinch Runner at 1st Alberto Morín:
|
|
Batting: RHB Andrés Pérez
|
0-0: Ball 1-0: Grounds into double play, 5-4-3 (Groundball, 56)
|
Batting: RHB Júlio González
|
0-0: Ball 1-0: Called Strike 1-1: SINGLE (Line Drive, 78S)
|
Batting: RHB Terry Griffin
|
0-0: Ball 1-0: Fly out, F7 (Flyball, 7)
|
Bottom of the 8th over - 0 runs, 1 hit, 0 errors, 1 left on base; Seattle 3 - Jasper 1 |
TOP OF THE 9TH |
Seattle Rainiers batting - Pitching for Jasper Cougars : RHP Cipriano Román
|
Now at SS: Alberto Morín
|
|
Batting: RHB Rodrigo García
|
0-0: Foul Ball, location: 2F 0-1: Foul Ball, location: 2F 0-2: Foul Ball, location: 2F 0-2: Ball 1-2: Foul Ball, location: 2F 1-2: Foul Ball, location: 2F 1-2: Fly out, F8 (Flyball, 89M)
|
Batting: RHB Jim Love
|
0-0: Ball 1-0: Ball 2-0: Foul Ball, location: 2F 2-1: Called Strike 2-2: Ball 3-2: Base on Balls
|
Batting: RHB Fred McPhun
|
0-0: Called Strike 0-1: Foul Ball, location: 2F 0-2: Ball 1-2: Ball 2-2: Ball 3-2: Base on Balls Jim Love to second
|
Pinch Hitting: LHB Darren Cook
|
0-0: Swinging Strike 0-1: Foul Ball, location: 2F 0-2: Strikes out looking
|
Pinch Hitting: RHB John Eaves
|
0-0: Ball 1-0: Called Strike 1-1: Called Strike 1-2: Ball 2-2: Strikes out swinging
|
Top of the 9th over - 0 runs, 0 hits, 0 errors, 2 left on base; Seattle 3 - Jasper 1 |
BOTTOM OF THE 9TH |
Jasper Cougars batting - Pitching for Seattle Rainiers : RHP Jesús Marino
|
Pitching: RHP Walt Hall
|
|
Now at SS: Darren Cook
|
|
Now in RF: Duane Lemay
|
|
Batting: LHB Luis García
|
0-0: Ball 1-0: Foul Ball, location: 2F 1-1: Swinging Strike 1-2: Strikes out swinging
|
Batting: RHB Bob Vaughn
|
0-0: Fly out, F9 (Flyball, 9LSF)
|
Batting: RHB Ollie Johnson
|
0-0: Foul Ball, location: 2F 0-1: Foul Ball, location: 2F 0-2: Ball 1-2: Strikes out swinging
|
Bottom of the 9th over - 0 runs, 0 hits, 0 errors, 0 left on base; Seattle 3 - Jasper 1 |
|